AoeStats
← Melon-Lord

Arabia

505998084Analyzed
2v2 RM · 18d ago on Sep 12, 2026· 21m 46s· 4 players
Game mode
Random Map
Map size
Medium (4 player)
Population
200
Speed
Normal
Resources
Standard
Victory
Conquest
Starting age
Dark Age
Ending age
Imperial Age
RankedLock teamsTeams togetherTeam positionsShared explorationLock speedFull tech treeHidden civsTurbo modeCheats
Victory
Defeat
🇺🇸 Mongols · United States
983
+17
🇺🇸 Franks · United States
970
+17
🇫🇷 Maya · France
1028
-18
🇺🇸 Teutons · United States
963
-16
Dr. Eleven
6:16 Loom
9:03 Feudal Age
9:47 Double-Bit Axe
11:03 Horse Collar
17:33 Castle Age
17:13 Scale Barding Armor
17:19 Forging
18:03 Wheelbarrow
18:07 Bloodlines
20:44 Husbandry
22:36 Chain Barding Armor
Migotu
2:10 Loom
8:27 Loom
11:17 Feudal Age
13:44 Scale Barding Armor
13:50 Forging
13:33 Double-Bit Axe
Level 2 Slime
8:16 Loom
10:01 Feudal Age
13:25 Double-Bit Axe
16:14 Castle Age
13:58 Horse Collar
17:52 Bow Saw
17:43 Heavy Plow
Melon-Lord
0:27 Loom
10:56 Feudal Age
11:37 Double-Bit Axe
12:57 Horse Collar
14:53 Fletching
15:31 Padded Archer Armor
Connection lost

Rejoining the realm…

Still unreachable

The connection could not be restored.

Session expired

The server has moved on; the page needs a fresh start.